 Dungeon Crawl Stone Soup version 0.20.1-1-g8b1a95d (webtiles) character file.

14063 Lysie the Cleaver (level 11, -10/82 HPs)
             Began as a Minotaur Fighter on Oct 12, 2017.
             Was a High Priest of Okawaru.
             Mangled by a spiny frog (13 damage)
             ... on level 3 of the Lair of Beasts.
             The game lasted 00:30:47 (12086 turns).

Lysie the Cleaver (Minotaur Fighter)               Turns: 12086, Time: 00:30:48

Health: -10/82     AC: 13    Str: 17    XL:     11   Next: 83%
Magic:  10/10      EV: 13    Int:  5    God:    Okawaru [*****.]
Gold:   625        SH: 12    Dex: 12    Spells: 10/10 levels left

rFire    + + .     SeeInvis .   n - +5 long sword "Qahonk" {distort, rF++ rN++ Str-5}
rCold    . . .     Gourm    .   c - +0 shield
rNeg     + + .     Faith    .   b - +0 scale mail
rPois    .         Spirit   .   (helmet restricted)
rElec    .         Reflect  .   p - +1 cloak {+Inv}
rCorr    +         Harm     .   H - +1 pair of gloves
MR       +....                  (no boots)
Stlth    ..........             (no amulet)
Regen    0.3/turn               P - ring of resist corrosion
MPRegen  0.2/turn               z - ring of protection from magic

@: very slightly contaminated, invisible
A: retaliatory headbutt, horns 2
a: Heroism, Finesse, Renounce Religion


You were on level 3 of the Lair of Beasts.
You worshipped Okawaru.
Okawaru was extremely pleased with you.
You were not hungry.

You visited 3 branches of the dungeon, and saw 17 of its levels.

You collected 625 gold pieces.

Inventory:

Hand Weapons
 a - a +0 war axe
 n - the +5 long sword "Qahonk" (weapon) {distort, rF++ rN++ Str-5}
   (You found it on level 1 of the Lair of Beasts)

   It warps and distorts space around it.
   Unwielding it can cause banishment or high damage.
   It affects your strength (-5).
   It greatly protects you from fire.
   It greatly protects you from negative energy.
 K - the +5 hand crossbow "Zuuhom" {venom, -Tele MR++ Stlth+}
   (You found it on level 9 of the Dungeon)

   It poisons the ammo it fires.
   It affects your resistance to hostile enchantments.
   It prevents most forms of teleportation.
   It makes you more stealthy.
Missiles
 s - 8 tomahawks (quivered)
 L - 65 bolts
Armour
 b - a +0 scale mail (worn)
 c - a +0 shield (worn)
 p - a +1 cloak of invisibility (worn)
 H - a +1 pair of gloves (worn)
Jewellery
 t - an uncursed ring of protection from fire
 z - a ring of protection from magic (right hand)
 F - a +2 ring of strength
 O - an uncursed ring of fire
 P - a ring of resist corrosion (left hand)
Wands
 B - a wand of random effects (28/48)
 C - a wand of acid (14/15)
 D - a wand of iceblast (8/15)
 I - a wand of lightning (11/15)
Scrolls
 g - a scroll of identify
 h - 10 scrolls of remove curse
 j - 3 scrolls of recharging
 m - 2 scrolls of fear {unknown}
 q - 2 scrolls of amnesia {unknown}
 r - 3 scrolls of enchant armour {unknown}
 u - 3 scrolls of immolation {unknown}
 v - 4 scrolls of teleportation
 y - 2 scrolls of magic mapping {unknown}
 M - 2 scrolls of enchant weapon {unknown}
 N - a scroll of vulnerability {unknown}
Potions
 d - 2 potions of might
 e - 6 potions of curing
 i - 2 potions of cancellation
 k - a potion of brilliance
 o - 2 potions of agility
 w - 2 potions of flight
 x - 3 potions of resistance
 E - a potion of lignification
Books
 A - a book of Cantrips

   Spells                             Type                      Level
   a - Confusing Touch                Hexes                        1
   b - Animate Skeleton               Necromancy                   1
   c - Summon Small Mammal            Summoning                    1
   d - Apportation                    Translocation                1
 J - a book of Air

   Spells                             Type                      Level
   a - Shock                          Conjuration/Air              1
   b - Swiftness                      Charms/Air                   2
   c - Static Discharge               Conjuration/Air              3
   d - Airstrike                      Air                          4
   e - Lightning Bolt                 Conjuration/Air              5
Comestibles
 f - 6 bread rations
 l - 3 meat rations


   Skills:
 - Level 3.6 Fighting
 - Level 14.5 Axes
 + Level 9.3 Armour
 * Level 8.1 Dodging
 * Level 12.7 Shields


You had 10 spell levels left.
You didn't know any spells.

Dungeon Overview and Level Annotations

Branches:
Dungeon (12/15)            Temple (1/1) D:7            Lair (4/6) D:9
  Swamp: Lair:2-4    Shoals: Lair:2-4     Snake: Lair:2-4    Spider: Lair:2-4
    Orc: D:9-12

Altars:
Ashenzari
Cheibriados
Dithmenos
Elyvilon
Fedhas
Gozag
Hepliaklqana
Kikubaaqudgha
Makhleb
Nemelex Xobeh
Okawaru
Qazlal
Ru
Sif Muna
Trog
Uskayaw
Vehumet
Xom
Yredelemnul
Zin
The Shining One

Shops:
D:4 =


Innate Abilities, Weirdness & Mutations

You reflexively headbutt those who attack you in melee.
You have a pair of horns on your head.


Message History

Okay, then.
It was a potion of invisibility.
You fade into invisibility!
The wolf moves out of view.
The wolf closely misses you.
You riposte.
You closely miss the wolf. The wolf closely misses you.
The wolf barely misses you. You block the wolf's attack. x2
You block the spiny frog's attack. The wolf misses you.
You furiously retaliate!
You headbutt the wolf.
You riposte.
You hit the wolf.
Space bends around the wolf.
You headbutt the wolf.
The wolf is severely wounded.
The wolf closely misses you. You furiously retaliate!
You headbutt the wolf.
You riposte.
A death yak comes into view.
The death yak bellows!
You hit the wolf but do no damage.
The wolf looks slightly unstable.
The wolf is moderately wounded.
The wolf barely misses you.
You are very lightly contaminated with residual magic.
You block the wolf's attack. The spiny frog stings you!
You die...

Y%.......≈≈≈..
hF...%...≈≈≈h
.........≈≈≈
.%.......≈≈
........ ♣
♣h.h..♣♣♣..
♣.hh......#
#hF.r....#
#h@......#
#####....#
####


You could see a spiny frog, a blink frog, 8 wolves and a porcupine.

Vanquished Creatures
  A two-headed ogre (D:8)
  A cyclops (shapeshifter) (D:11)
  Psyche (D:9)
  Joseph (D:8)
  A gargoyle (D:10)
  2 spiny frogs
  2 komodo dragons (Lair:1)
  A troll (D:9)
  3 hippogriffs
  A dream sheep (Lair:3)
  17 yaks
  A vampire (D:10)
  2 hell hounds (D:9)
  6 water moccasins
  6 porcupines
  2 ice beasts
  A black bear (Lair:3)
  An orc warrior (D:7)
  6 sky beasts
  2 phantoms (D:9)
  4 ogres
  A necrophage (D:7)
  3 centaurs
  11 wolves
  3 crocodiles (Lair:1)
  A big kobold (D:7)
  8 bullfrogs
  A wyvern skeleton (D:11)
  5 scorpions
  7 killer bees (D:10)
  An electric eel (Lair:2)
  A bullfrog zombie (D:9)
  4 crimson imps
  2 centaur zombies
  4 jellies
  A quasit (D:9)
  3 orc priests
  5 hounds
  5 orc wizards
  Crazy Yiuf (D:2)
  4 worker ants
  6 iguanas
  2 hound skeletons
  A howler monkey zombie (D:8)
  12 adders
  A shadow imp (D:6)
  4 adder skeletons
  7 worms
  5 leopard geckos
  12 orcs
  4 ball pythons
  6 giant cockroaches
  20 goblins
  7 hobgoblins
  10 jackals
  4 quokkas
  5 bats
  2 frilled lizards
  12 kobolds
  A leopard gecko skeleton (D:4)
  A quokka skeleton (D:5)
  2 quokka zombies
  6 rats
263 creatures vanquished.

Vanquished Creatures (others)
  A troll (D:11)
  A hippogriff (Lair:1)
  4 yaks
  A wolf (Lair:2)
  An electric eel (Lair:2)
  2 fungi (Lair:2)
  A plant (Lair:2)
11 creatures vanquished.

Grand Total: 274 creatures vanquished

Notes
Turn   | Place    | Note
-------+----------+-------------------------------------------
     0 | D:1      | Lysie the Minotaur Fighter began the quest for the Orb.
     0 | D:1      | Reached XP level 1. HP: 19/19 MP: 0/0
    90 | D:1      | Reached skill level 3 in Axes
   110 | D:1      | Reached XP level 2. HP: 23/26 MP: 1/1
   500 | D:2      | Reached skill level 4 in Axes
   618 | D:2      | Reached XP level 3. HP: 30/31 MP: 2/2
  1160 | D:2      | Found a runed door.
  1246 | D:2      | Noticed Crazy Yiuf
  1250 | D:2      | Killed Crazy Yiuf
  1250 | D:2      | Reached skill level 5 in Axes
  1250 | D:2      | Reached XP level 4. HP: 34/39 MP: 3/3
  1419 | D:3      | Reached skill level 6 in Axes
  1595 | D:3      | Reached XP level 5. HP: 40/45 MP: 4/4
  1823 | D:3      | Reached skill level 7 in Axes
  2143 | D:3      | Reached XP level 6. HP: 38/51 MP: 5/5
  2301 | D:3      | Reached skill level 8 in Axes
  2374 | D:4      | Found Notsy's Jewellery Shoppe.
  2378 | D:4      | Reached skill level 9 in Axes
  2510 | D:4      | Reached XP level 7. HP: 21/57 MP: 6/6
  2776 | D:5      | Entered Level 5 of the Dungeon
  2955 | D:5      | Reached skill level 10 in Axes
  3544 | D:6      | Reached skill level 11 in Axes
  3589 | D:6      | Reached XP level 8. HP: 36/64 MP: 7/7
  4699 | D:7      | Reached skill level 12 in Axes
  5146 | D:7      | Found a staircase to the Ecumenical Temple.
  5185 | Temple   | Entered the Ecumenical Temple
  5446 | Temple   | Became a worshipper of Warmaster Okawaru
  5615 | D:7      | Reached skill level 13 in Axes
  5713 | D:8      | Noticed a two-headed ogre
  5730 | D:8      | Killed a two-headed ogre
  5730 | D:8      | Reached * piety under Okawaru
  5730 | D:8      | Reached ** piety under Okawaru
  5730 | D:8      | Reached skill level 14 in Axes
  5730 | D:8      | Reached XP level 9. HP: 18/70 MP: 5/8
  6078 | D:8      | Reached skill level 1 in Dodging
  6160 | D:8      | Noticed Joseph
  6183 | D:8      | Killed Joseph
  6183 | D:8      | Reached skill level 5 in Armour
  6183 | D:8      | Reached skill level 5 in Shields
  6428 | D:9      | Reached *** piety under Okawaru
  6513 | D:9      | Reached XP level 10. HP: 63/77 MP: 9/9
  6601 | D:9      | Found a staircase to the Lair.
  6705 | D:9      | Got an iridescent hand crossbow
  6714 | D:9      | Identified the +5 hand crossbow "Zuuhom" {venom, -Tele MR++ Stlth+} (You found it on level 9 of the Dungeon)
  6720 | D:9      | Noticed Psyche
  6730 | D:9      | Killed Psyche
  6948 | D:10     | Entered Level 10 of the Dungeon
  7072 | D:10     | Noticed a gargoyle
  7127 | D:9      | Reached **** piety under Okawaru
  7575 | D:10     | Reached skill level 5 in Dodging
  8238 | D:10     | Killed a gargoyle
  8598 | D:11     | Reached ***** piety under Okawaru
  8611 | D:11     | Noticed a centaur warrior
  8612 | D:11     | Noticed a cyclops
  8612 | D:11     | a wind drake changed into a cyclops
  8617 | D:11     | Killed a cyclops
  8617 | D:11     | Reached skill level 10 in Shields
  8876 | Lair:1   | Entered Level 1 of the Lair of Beasts
  8926 | Lair:1   | Received a gift from Okawaru
  8926 | Lair:1   | Reached XP level 11. HP: 66/82 MP: 10/10
  9922 | Lair:1   | Got a smoking long sword
  9923 | Lair:1   | Identified the +5 long sword "Qahonk" {distort, rF++ rN++ Str-5} (You found it on level 1 of the Lair of Beasts)
 12084 | Lair:3   | HP: 3/82 [wolf (7)]
 12085 | Lair:3   | Noticed a death yak
 12086 | Lair:3   | Mangled by a spiny frog

Skill      XL: |  1  2  3  4  5  6  7  8  9 10 11 |
---------------+----------------------------------+-----
Axes           | 3 4 5 6 7 9 11 14 | 14.5
Armour         | 5 7 9 |  9.3
Dodging        | 3 5 8 |  8.1
Shields        | 6 10 12 | 12.7
Fighting       | |  3.6

Action                   |  1- 3 |  4- 6 |  7- 9 | 10-12 || total
-------------------------+-------+-------+-------+-------++-------
Melee: War axe           |    93 |   111 |   288 |   287 ||   779
       Headbutt          |    16 |    16 |    57 |    89 ||   178
       Long sword        |       |       |       |   109 ||   109
Throw: Javelin           |       |       |       |     2 ||     2
       Tomahawk          |       |       |       |     2 ||     2
Invok: Heroism           |       |       |     1 |     6 ||     7
 Abil: Evoke Invisibilit |       |       |     2 |     2 ||     4
Evoke: Wand              |       |       |     1 |       ||     1
  Use: Scroll            |     3 |     1 |    14 |     6 ||    24
       Potion            |       |       |     2 |     8 ||    10
 Stab: Invisible         |       |       |     3 |     2 ||     5
  Eat: Fruit             |     4 |       |       |     5 ||     9
       Royal jelly       |       |     1 |     2 |       ||     3
       Bread ration      |       |       |     1 |     3 ||     4
       Meat ration       |       |       |     1 |     1 ||     2
Armor: Scale mail        |    39 |    53 |    98 |   148 ||   338
Dodge: Dodged            |    26 |    56 |    64 |   219 ||   365
Block: Shield            |    49 |    63 |   110 |   291 ||   513
       Rpst.: Long sword |       |       |       |    28 ||    28
